 Dungeon Crawl Stone Soup version 0.19-a0-1189-g9dc3488 (webtiles) character file.

4491 Kugarra the Severer (level 10, -2/81 HPs)
             Began as a Deep Dwarf Fighter on Aug 18, 2016.
             Was a Believer of Makhleb.
             Slain by a hill giant
             ... wielding a +0 giant spiked club
              (29 damage)
             ... on level 10 of the Dungeon.
             The game lasted 00:41:22 (7901 turns).

Kugarra the Severer (Deep Dwarf Fighter)            Turns: 7901, Time: 00:41:22

Health: -2/81      AC: 15    Str: 21    XL:     10   Next: 16%
Magic:  10/10      EV:  5    Int:  9    God:    Makhleb [**....]
Gold:   433        SH: 15    Dex: 16    Spells: 0 memorised, 9 levels left

rFire  . . .     SeeInvis .     a - +1 war axe
rCold  . . .     Gourm    .     q - +0 chain mail
rNeg   . . .     Faith    .     c - +1 shield
rPois  .         Spirit   .     g - +2 helmet
rElec  .         Dismiss  .     p - +0 cloak
rCorr  +         Reflect  +     N - +0 pair of gloves
MR     +....     Harm     .     v - +0 pair of boots
Stlth  ..........               h - +4 amulet of reflection
                                t - ring of resist corrosion
                                Q - +2 ring of dexterity

@: non-regenerating
A: damage resistance, recharge devices, sense surroundings 2, slow regeneration
3
a: Device Recharging, Minor Destruction, Renounce Religion


You were on level 10 of the Dungeon.
You worshipped Makhleb.
Makhleb was pleased with you.
You were not hungry.

You visited 2 branches of the dungeon, and saw 11 of its levels.
You also visited: Sewer.

You collected 575 gold pieces.
You spent 142 gold pieces at shops.

Inventory:

Hand Weapons
 a - a +1 war axe (weapon)
 R - a +3 hand axe
Armour
 b - a +0 scale mail
 c - a +1 shield (worn)
 g - a +2 helmet (worn)
 p - a +0 cloak (worn)
 q - a +0 chain mail (worn)
 v - a +0 pair of boots (worn)
 N - a +0 pair of gloves (worn)
 O - a +0 plate armour
Jewellery
 h - a +4 amulet of reflection (around neck)
 l - an uncursed ring of wizardry
 o - a cursed ring of protection from fire
 t - a ring of resist corrosion (right hand)
 x - an uncursed amulet of dismissal
 G - an uncursed ring of positive energy
 Q - a +2 ring of dexterity (left hand)
Wands
 e - a wand of heal wounds (0/9)
 i - a wand of flame (39/48)
 n - a wand of confusion (34/48)
 r - a wand of iceblast (11/15)
 w - a wand of polymorph (15/24)
 y - a wand of polymorph (7/24)
 K - a wand of flame (27/48)
 M - a wand of confusion (33/48)
 W - a wand of lightning (7/15)
 X - a wand of flame (31/48)
Scrolls
 k - 3 scrolls of blinking
 u - a scroll of fog
 I - 3 scrolls of recharging
 J - a scroll of teleportation
 U - a scroll of enchant weapon
 V - a scroll of vulnerability {unknown}
 Y - a scroll of remove curse
Potions
 d - 4 potions of might
 j - 2 potions of lignification
 m - 2 potions of flight
 z - 2 potions of degeneration
 A - a potion of haste
 B - 2 potions of invisibility {unknown}
 C - a potion of magic {unknown}
 D - a potion of ambrosia {unknown}
 E - 4 potions of curing
 H - 5 potions of agility {unknown}
 L - a potion of brilliance
Books
 S - a book of Clouds

   Spells                             Type                      Level
   a - Mephitic Cloud                 Conjuration/Poison/Air       3
   b - Conjure Flame                  Conjuration/Fire             3
   c - Poisonous Cloud                Conjuration/Poison/Air       6
   d - Freezing Cloud                 Conjuration/Ice/Air          6
   e - Ring of Flames                 Charms/Fire                  7
Miscellaneous
 T - a crystal ball of energy
Comestibles
 f - 13 bread rations
 s - 7 meat rations
 F - 5 beef jerkies
 P - 7 slices of pizza


   Skills:
 - Level 2.6 Fighting
 + Level 15.4 Axes
 - Level 3.2 Armour
 - Level 3.2 Shields


You had 9 spell levels left.
You didn't know any spells.

Dungeon Overview and Level Annotations

Branches:
Dungeon (10/15)            Temple (1/1) D:5
   Lair: D:8-11         Orc: D:9-12

Altars:
Ashenzari
Cheibriados
Dithmenos
Elyvilon
Fedhas
Gozag
Hepliaklqana
Kikubaaqudgha
Makhleb
Nemelex Xobeh
Okawaru
Qazlal
Ru
Sif Muna
Trog
Uskayaw
Vehumet
Xom
Yredelemnul
Zin
The Shining One

Shops:
D:9 *


Innate Abilities, Weirdness & Mutations

You are resistant to damage.
You can recharge devices by infusing magical energy.
You passively map the area around you.
You do not regenerate naturally.


Message History

Your shield and chain mail prevent you from hitting the hill giant.
You slash the hill giant!
The hill giant is moderately wounded.
The hill giant hits you with a giant spiked club!!
* * * LOW HITPOINT WARNING * * *
Zapping:
e - a wand of heal wounds (1/9)
Press: ? - help, Shift-Dir - straight line, f - you You feel much better.
This wand has 0 charges left.
The hill giant barely misses you.
You completely miss the hill giant.
The hill giant is moderately wounded.
You slash the hill giant!
The hill giant is moderately wounded.
You block the hill giant's attack.
You slash the hill giant!
The hill giant is heavily wounded.
You slash the hill giant!
The hill giant is heavily wounded.
The hill giant hits you with a giant spiked club!!
You die...

* * * * , , * * , *
######## ######## ..
#......#####......#...*
#..#....@C..†.(# #..
#######.....######..
#.. #.....#..#..# ,
#..#..#..#..#..#..##,
#.....+..#..'......#..
*
#....#########........
,
#.....+._#(.'.....##.#
*
#..#.h#..#..#†.#..##.#
#..#.h#.....#..#..##.#


You could see a hill giant.

Vanquished Creatures
  A gargoyle (D:6)
  A troll (D:10)
  3 yaks (D:10)
  A human (D:8)
  A hog (D:8)
  A water moccasin (D:10)
  2 sky beasts
  A phantom (D:6)
  2 ice beasts (D:7)
  An eye of draining (D:10)
  An orc warrior (D:9)
  2 necrophages
  2 ogres
  A centaur (D:10)
  A crocodile (D:8)
  5 giant frogs
  2 scorpions
  7 killer bees (D:9)
  5 wights (D:7)
  3 howler monkeys
  2 crimson imps
  An orc priest (D:3)
  3 hounds
  Crazy Yiuf (D:2)
  A gnoll shaman (D:7)
  An iguana (D:6)
  Jessica (D:3)
  2 centaur skeletons
  Natasha (D:4)
  An orc wizard (D:7)
  5 worker ants
  3 sheep (D:8)
  A hound zombie (D:6)
  Robin (D:2)
  11 adders
  9 gnolls
  12 oozes
  An adder skeleton (D:6)
  2 worms
  3 dart slugs
  10 giant geckos
  11 orcs
  13 ball pythons
  8 bats
  13 giant cockroaches
  15 goblins
  9 hobgoblins
  4 jackals
  4 kobolds (D:2)
  4 quokkas
  9 giant newts
  11 rats
216 creatures vanquished.

Notes
Turn   | Place    | Note
-------+----------+-------------------------------------------
     0 | D:1      | Kugarra the Deep Dwarf Fighter began the quest for the Orb.
     0 | D:1      | Reached XP level 1. HP: 20/20 MP: 1/1
    76 | D:1      | Reached skill level 3 in Axes
    86 | D:1      | Reached XP level 2. HP: 24/27 MP: 2/2
   434 | D:1      | Reached XP level 3. HP: 26/33 MP: 3/3
   765 | D:2      | Found a runed door.
   793 | D:2      | Reached skill level 4 in Axes
   913 | D:2      | Noticed Robin
   925 | D:2      | Killed Robin
  1014 | D:2      | Reached XP level 4. HP: 21/40 MP: 4/4
  1079 | D:2      | Reached skill level 5 in Axes
  1433 | D:2      | Noticed Crazy Yiuf
  1437 | D:2      | Killed Crazy Yiuf
  1437 | D:2      | Reached XP level 5. HP: 18/46 MP: 5/5
  1541 | D:3      | Reached skill level 6 in Axes
  1583 | D:3      | Found a hazy altar of Hepliaklqana.
  1655 | D:3      | Found a glowing drain.
  1674 | Sewer    | Entered a sewer
  1856 | Sewer    | Reached skill level 7 in Axes
  1856 | Sewer    | Reached XP level 6. HP: 26/55 MP: 6/6
  2029 | D:3      | Noticed Jessica
  2038 | D:3      | Found a radiant altar of Vehumet.
  2042 | D:3      | Killed Jessica
  2777 | D:4      | Noticed Natasha
  2787 | D:4      | Killed Natasha
  2787 | D:4      | Reached skill level 8 in Axes
  2800 | D:4      | Got an ivory spear
  2858 | D:4      | Identified the cursed +0 spear of Agud {venom, rC++} (You found it on level 4 of the Dungeon)
  3086 | D:4      | Reached XP level 7. HP: 17/61 MP: 7/7
  3191 | D:4      | Found a white marble altar of Elyvilon.
  3560 | D:5      | Entered Level 5 of the Dungeon
  3872 | D:5      | Found a staircase to the Ecumenical Temple.
  3881 | Temple   | Entered the Ecumenical Temple
  3939 | Temple   | Became a worshipper of Makhleb the Destroyer
  4305 | D:5      | HP: 3/61 [ogre/giant spiked club (25)]
  4313 | D:5      | Reached skill level 9 in Axes
  4631 | D:6      | Noticed a gargoyle
  4643 | D:6      | Killed a gargoyle
  4643 | D:6      | Reached skill level 10 in Axes
  4643 | D:6      | Reached XP level 8. HP: 21/68 MP: 8/8
  4793 | D:6      | Found an ancient bone altar of Kikubaaqudgha.
  5103 | D:6      | Reached skill level 11 in Axes
  5525 | D:6      | You fall through a shaft!
  5938 | D:7      | Reached skill level 12 in Axes
  6102 | D:7      | Gained mutation: You passively map the area around you. [Deep Dwarf growth]
  6102 | D:7      | Reached XP level 9. HP: 25/74 MP: 9/9
  6610 | D:8      | Reached * piety under Makhleb
  6610 | D:8      | Reached skill level 13 in Axes
  7353 | D:9      | Found Enkod's Assorted Antiques.
  7360 | D:9      | Reached skill level 14 in Axes
  7370 | D:9      | Bought a scroll of identify for 58 gold pieces
  7370 | D:9      | Bought a sedimented orange potion for 26 gold pieces
  7370 | D:9      | Bought a scroll of identify for 58 gold pieces
  7550 | D:10     | Entered Level 10 of the Dungeon
  7600 | D:10     | HP: 2/74 [yak (7)]
  7709 | D:10     | Reached skill level 15 in Axes
  7709 | D:10     | Reached XP level 10. HP: 41/81 MP: 10/10
  7829 | D:10     | Found a sacrificial altar of Ru.
  7865 | D:10     | Reached ** piety under Makhleb
  7887 | D:10     | Noticed a hill giant
  7901 | D:10     | Slain by a hill giant

Vault maps used:
D:1:      onia_arrival_mini_spirals
D:2:      kennysheep_six_static_rooms, kennysheep_generic_room_10, uniq_robin,
          uniq_crazy_yiuf_cottage
D:3:      vehumet_crystals, lemuel_crystal_altar, portal_sewer_entry_a,
          uniq_jessica
D:4:      elyvilon_altar_3, uniq_natasha
D:5:      first_bread, grunt_decor_arrowhead
D:6:      nicolae_overflow_crystal_walls, grunt_decor_one_mirror,
          minmay_misc_feat_four_crosses, minmay_door_square
D:8:      grunt_livestock
D:9:      serial_shops, shop, kennysheep_generic_room_6
D:10:     special_room, hangedman_ru_absence
Temple:   minmay_crystal_spiral_temple
Sewer:    sewer_frog_island_02

Skill      XL: |  1  2  3  4  5  6  7  8  9 |
---------------+----------------------------+-----
Axes           | 3 4 5 7 8 10 12 15 | 15.4
Fighting       | |  2.6
Armour         | |  3.2
Shields        | |  3.2

Action                   |  1- 3 |  4- 6 |  7- 9 | 10-12 || total
-------------------------+-------+-------+-------+-------++-------
Melee: War axe           |   116 |   227 |   410 |    46 ||   799
Evoke: Wand              |       |     1 |    11 |     1 ||    13
  Use: Scroll            |     6 |    10 |    13 |     1 ||    30
  Eat: Chunk             |       |     6 |     3 |       ||     9
       Fruit             |       |     2 |       |       ||     2
       Beef jerky        |       |       |     2 |       ||     2
       Royal jelly       |       |       |     5 |       ||     5
Armor: Scale mail        |    57 |    98 |     8 |       ||   163
       Chain mail        |       |       |   104 |    20 ||   124
Dodge: Dodged            |    19 |    64 |    52 |     5 ||   140
Block: Shield            |    54 |   176 |   228 |    28 ||   486
       Reflection        |       |       |     4 |     4 ||     8
